 Dungeon Crawl Stone Soup version 0.31-a0-473-g61b50ae490 (webtiles) character file.

Game seed: 14445646264427851432

5210 MisterAzrael the Grappler (level 10, -5/71 HPs)
             Began as a Pale Draconian Shapeshifter on Aug 7, 2023.
             Was a High Priest of Jiyva.
             Slain by an orc warrior
             ... wielding a +0 trident
              (8 damage)
             ... on level 9 of the Dungeon.
             The game lasted 00:09:25 (6269 turns).

MisterAzrael the Grappler (DrSh)                    Turns: 6269, Time: 00:09:26

Health: -5/71      AC:  7    Str: 22    XL:     10   Next: 35%
Magic:  11/11      EV: 17    Int:  8    God:    Jiyva [*****.]
Gold:   361        SH:  0    Dex: 12    Spells: 9/9 levels left

rFire   . .          .
                       - Unarmed
rCold   . . .        (no shield)
rNeg    . . .        (body armour unavailable)
rPois   .            (helmet unavailable)
rElec   .            (cloak currently unavailable)
rCorr   +            (gloves currently unavailable)
SInv    +            (boots currently unavailable)
Will    .....        r - amulet of regeneration
Stlth   +            c - ring of resist corrosion
HPRegen 2.55/turn    t - +5 ring of evasion
MPRegen 0.57/turn

%: no passive effects
@: lethally poisoned (-5 -> -5), beast-form, calling ooze
A: beast (slay +5), breathe steam, AC +7, unfitting armour, cold-blooded, steam
resistance, antennae 3, high MP 1, jelly absorbing missiles
a: Breathe Steam, Begin Untransformation, Renounce Religion, Oozemancy, Slimify


You were on level 9 of the Dungeon.
You worshipped Jiyva.
Jiyva was extremely pleased with you.
You were a hulking beast.
You visited 1 branch of the dungeon, and saw 9 of its levels.

You collected 361 gold pieces.

Inventory:

Armour
 g - a +1 cloak
 m - the +7 fire dragon scales of the Bulwark {Harm rF++ rC- Str+3 Dex+3}
   (You found it on level 3 of the Dungeon)

   Str:       It affects your strength (+3).
   Dex:       It affects your dexterity (+3).
   rF:        It greatly protects you from fire.
   rC:        It makes you vulnerable to cold.
   Harm:      It increases damage dealt and taken.
 u - a scarf of harm
Jewellery
 c - a ring of resist corrosion (left hand)
 h - an amulet of the acrobat
 k - an amulet of magic regeneration
 r - an amulet of regeneration (around neck)
 t - a +5 ring of evasion (right hand)
Talismans
 b - a beast talisman (active)
Wands
 d - a wand of iceblast (11)
 s - a wand of light (10)
 v - a wand of flame (25)
 y - a wand of charming (6)
Scrolls
 f - a scroll of blinking
 j - a scroll of noise
 l - a scroll of poison
 o - a scroll of teleportation
 p - a scroll of enchant weapon
 q - a scroll of vulnerability
Potions
 a - a potion of lignification
 e - 4 potions of curing
 i - a potion of magic
 n - a potion of might
 w - a potion of attraction {unknown}
 x - a potion of heal wounds {unknown}
 z - a potion of cancellation {unknown}
 A - a potion of resistance {unknown}


   Skills:
 - Level 1.1 Fighting
 - Level 1.7 Dodging
 * Level 12.9 Unarmed Combat
 + Level 8.0 Shapeshifting


You had 9 spell levels left.
You didn't know any spells.
Your spell library contained the following spells:

 Spells                   Type           Power      Damage    Failure   Level
 Ensorcelled Hibernation  Hex/Ice        0%         N/A       54%         2
 Passwall                 Tmut/Erth      0%         N/A       54%         2
 Stone Arrow              Conj/Erth      0%         3d7       78%         3
 Swiftness                Air            0%         N/A       78%         3
 Animate Dead             Necr           0%         N/A       99%         4
 Fireball                 Conj/Fire      0%         3d3       100%        5
 Iskenderun's Battlesphe  Conj           0%         2d6       100%        5
 Conjure Ball Lightning   Conj/Air       0%         3x3d6     100%        6
 Haunt                    Necr/Summ      0%         N/A       100%        7
 Orb of Destruction       Conj           0%         9d5       100%        7
 Infestation              Necr           0%         N/A       100%        8
 Lehudib's Crystal Spear  Conj/Erth      0%         10d2      100%        8
 Animate Armour           Summ/Erth      Unusable   N/A       N/A         4

Dungeon Overview and Level Annotations

Branches:
Dungeon (9/15)             Temple (0/1) D:7
   Lair: D:8-11         Orc: D:9-12

Altars:
Dithmenos
Fedhas
Hepliaklqana
Kikubaaqudgha
Okawaru
Wu Jian
Xom
Jiyva

Shops:
D:3 (


Innate Abilities, Weirdness & Mutations

You are a hulking beast.
Your limbs bulge with bestial killing power. (Slay +5)
You can breathe blasts of scalding, opaque steam.
Your pale cyan-grey scales are hard. (AC +7)
You cannot fit into any form of body armour.
You are cold-blooded and may be slowed by cold attacks.
You are immune to the effects of steam.
You have a pair of large antennae on your head. (SInv)
You have an increased reservoir of magic. (+10% MP)
You have a small jelly attached to you that may absorb projectiles.


Message History

The walls burn the killer bee!
You kill the killer bee!
The orc priest miscasts a cantrip.
The walls burn the orc!
You kill the orc!
Your Shapeshifting skill increases to level 8!
You feel sick.
The walls burn the killer bee!
You kill the killer bee!
The killer bee stings you. The killer bee misses you.
The orc warrior hits you with a +0 mace!
The orc barely misses you.
The orc warrior is engulfed in a cloud of scalding steam.
The orc warrior completely misses you.
You feel very sick. The killer bee closely misses you.
The killer bee stings you but does no damage.
The orc warrior closely misses you. The orc misses you.
Things that are here:
a +0 club; a +0 plate armour You feel sick.
The walls burn the killer bee!
The killer bee stings you. The orc completely misses you.
You have got your breath back.
You feel sick.
The walls burn the killer bee! x2
You kill the killer bee!
You feel sick.
The walls burn the orc!
You kill the orc!
You feel sick.
The walls burn the orc warrior!
The orc warrior hits you with a +0 mace!
* * * LOW HITPOINT WARNING * * *
The orc priest calls down the wrath of Beogh upon you.
Beogh smites you!
* * * LOW HITPOINT WARNING * * *
The walls burn the orc!
You kill the orc!
The orc warrior misses you.
You feel sick.
The walls burn the orc warrior!
The orc warrior hits you with a +0 mace.
* * * LOW HITPOINT WARNING * * *
The orc warrior hits you from afar with a +0 trident!
You die...

#...§)#.#.#.##>...##.........
#.........#.##.....########.#
#..§..#.###........# #.#
#...........##.....# #.#
#..........†.......# #..
#........o......#+## ###
#####.....o.........
#.†..))o.........
########h........ #.........
#......... #.........
#........ #........ #####....
####


You could see 2 orc warriors and an orc priest.

Vanquished Creatures
  A two-headed ogre (D:8)
  Pikel (D:6)
  Prince Ribbit (D:6)
  A troll (D:7)
  5 yaks (D:8)
  A steam dragon (D:8)
  A water moccasin (D:7)
  A black bear (D:8)
  4 centaurs
  3 ogres
  2 lemures (D:6)
  A kobold brigand (D:8)
  A phantom (D:5)
  3 bullfrogs
  4 scorpions
  16 wights
  4 killer bees (D:9)
  4 hounds (D:5)
  2 iguanas (D:5)
  3 orc wizards
  6 adders
  A river rat (D:3)
  2 shadow imps
  2 ufetubi
  3 worms
  4 dart slugs
  18 orcs
  3 ball pythons
  8 bats
  4 endoplasms (D:1)
  3 giant cockroaches
  6 goblins
  7 hobgoblins
  7 jackals
  4 quokkas
  3 frilled lizards (D:1)
  17 kobolds
  11 rats
168 creatures vanquished.

Vanquished Creatures (collateral kills)
  A cyclops (D:9)
1 creature vanquished.

Vanquished Creatures (others)
  Menkaure (D:4)
  A phantom (D:5)
  A kobold brigand (D:8)
  3 scorpions
  A bullfrog (D:6)
  2 wights (D:8)
  32 jellies
  5 hounds
  2 orc wizards (D:8)
  2 gnolls (D:6)
  2 adders (D:6)
  A dart slug (D:3)
  2 bats (D:3)
  A giant cockroach (D:3)
  A goblin (D:3)
  16 kobolds
  A rat (D:3)
74 creatures vanquished.

Grand Total: 243 creatures vanquished

Notes
Turn   | Place    | Note
-------+----------+-------------------------------------------
     0 | D:1      | MisterAzrael the Draconian Shapeshifter began the quest for
                  | the Orb.
     0 | D:1      | Reached XP level 1. HP: 16/16 MP: 1/1
   124 | D:1      | Reached XP level 2. HP: 22/23 MP: 2/2
   411 | D:1      | Reached skill level 4 in Unarmed Combat
   553 | D:1      | Reached XP level 3. HP: 27/28 MP: 3/3
  1676 | D:3      | Reached XP level 4. HP: 27/35 MP: 4/4
  1750 | D:3      | Found Ahoremn's Antique Weapon Emporium.
  1759 | D:3      | Found a faded altar of an unknown god.
  1823 | D:3      | Prayed at the altar of an unknown god.
  1823 | D:3      | Became a worshipper of Jiyva Jaostiyn the Shapeless
  1823 | D:3      | Reached * piety under Jiyva
  2008 | D:3      | Found a blossoming altar of Fedhas.
  2057 | D:3      | Identified the +7 fire dragon scales of the Bulwark {Harm
                  | rF++ rC- Str+3 Dex+3}
  2119 | D:3      | Reached ** piety under Jiyva
  2194 | D:3      | Reached skill level 5 in Unarmed Combat
  2542 | D:4      | Noticed a scorpion
  2550 | D:4      | Killed a scorpion
  2551 | D:4      | Reached XP level 5. HP: 35/40 MP: 5/5
  2556 | D:4      | Noticed an ogre
  2563 | D:4      | Killed an ogre
  2564 | D:4      | Reached skill level 6 in Unarmed Combat
  2564 | D:4      | Reached XP level 6. HP: 39/47 MP: 6/6
  2921 | D:4      | Reached *** piety under Jiyva
  3026 | D:4      | Found an ancient bone altar of Kikubaaqudgha.
  3081 | D:4      | Gained mutation: You have a small jelly attached to you
                  | that senses nearby items. [Jiyva's grace]
  3081 | D:4      | Gained mutation: You have acidic saliva. [Jiyva's grace]
  3081 | D:4      | Gained mutation: You expend magic power (3 MP) to
                  | strengthen your wands. [Jiyva's grace]
  3081 | D:4      | Gained mutation: You have an increased reservoir of magic.
                  | (+10% MP) [Jiyva's grace]
  3215 | D:4      | Killed Menkaure
  3297 | D:5      | Entered Level 5 of the Dungeon
  3358 | D:5      | Found an ornate altar of the Wu Jian Council.
  3478 | D:5      | Reached **** piety under Jiyva
  3492 | D:5      | Reached skill level 7 in Unarmed Combat
  3492 | D:5      | Your scales start taking on a pale cyan-grey colour.
  3492 | D:5      | Reached XP level 7. HP: 52/52 MP: 7/7
  3492 | D:5      | Gained mutation: You are immune to the effects of steam.
                  | [Pale Draconian growth]
  4053 | D:6      | Noticed Prince Ribbit
  4056 | D:6      | Killed Prince Ribbit
  4057 | D:6      | Reached skill level 8 in Unarmed Combat
  4057 | D:6      | Reached skill level 5 in Shapeshifting
  4066 | D:6      | Reached XP level 8. HP: 59/59 MP: 8/8
  4313 | D:6      | Reached skill level 9 in Unarmed Combat
  4357 | D:6      | Noticed Pikel
  4366 | D:6      | Killed Pikel
  4367 | D:6      | Reached skill level 10 in Unarmed Combat
  4722 | D:6      | Reached XP level 9. HP: 64/64 MP: 9/9
  4759 | D:6      | Found an iron altar of Okawaru.
  4864 | D:7      | Found a shimmering altar of Xom.
  4985 | D:7      | Lost mutation: You have acidic saliva. [Jiyva's grace]
  4985 | D:7      | Lost mutation: You have a small jelly attached to you that
                  | senses nearby items. [Jiyva's grace]
  4985 | D:7      | Lost mutation: You expend magic power (3 MP) to strengthen
                  | your wands. [Jiyva's grace]
  4985 | D:7      | Gained mutation: You have a pair of small antennae on your
                  | head. [Jiyva's grace]
  4985 | D:7      | Gained mutation: You have a pair of antennae on your head.
                  | [Jiyva's grace]
  4985 | D:7      | Gained mutation: You have a pair of large antennae on your
                  | head. (SInv) [Jiyva's grace]
  4985 | D:7      | Gained mutation: You have a small jelly attached to you
                  | that may absorb projectiles. [Jiyva's grace]
  4991 | D:7      | Found a staircase to the Ecumenical Temple.
  5159 | D:7      | Noticed a troll
  5164 | D:7      | Killed a troll
  5397 | D:8      | Reached skill level 11 in Unarmed Combat
  5633 | D:8      | Found a hazy altar of Hepliaklqana.
  5676 | D:8      | Reached ***** piety under Jiyva
  5693 | D:8      | Noticed a two-headed ogre
  5702 | D:8      | Killed a two-headed ogre
  5703 | D:8      | Reached skill level 12 in Unarmed Combat
  5965 | D:8      | Reached XP level 10. HP: 66/71 MP: 11/11
  6045 | D:8      | Found a shadowy altar of Dithmenos.
  6147 | D:9      | Noticed a cyclops
  6152 | D:9      | Killed a cyclops
  6269 | D:9      | HP: 3/71 [orc warrior/+0 mace (3)]
  6269 | D:9      | Slain by an orc warrior

Illustrated notes

Levels and vault maps discovered:
D:1:      dpeg_arrival_concentric_ovals, layout_basic, minmay_gold_behind_fungi,
          minmay_tall_x
D:2:      layout_loops_ring
D:3:      kennysheep_six_static_rooms, layout_basic, fedhas_altar_fruit_tree,
          chequers_ecumenical_altar_simple, serial_shops, shop,
          gup_sewer_entry_bubbles, corexii_leaking_fountain
D:4:      layout_gridville, kennysheep_little_box, minivault_25, uniq_menkaure
D:5:      layout_loops_cross, mainiacjoe_overflow_paths, minmay_starry_boxes
D:6:      layout_loops_ring, okawaru_altar_gauntlet_db, uniq_pikel,
          uniq_prince_ribbit1
D:7:      layout_basic, old_standard_altar
D:8:      kennysheep_kobold_camp, layout_gridville,
          mainiacjoe_overflow_concentric_impassable,
          nicolae_overflow_hidden_temple, mainiacjoe_overflow_surrounded_room
D:9:      layout_basic, minmay_orc_entry_temple_small

Skill      XL: |  1  2  3  4  5  6  7  8  9 10 |
---------------+-------------------------------+-----
Unarmed Combat | 4 5 6 7 8 10 12 | 12.9
Shapeshifting  | 4 5 6 7 8 |  8.0
Fighting       | |  1.1
Dodging        | |  1.7

Action                     |  1- 3 |  4- 6 |  7- 9 | 10-12 || total
---------------------------+-------+-------+-------+-------++-------
  Melee: Unarmed           |   110 |   125 |   122 |    22 ||   379
         Tailslap          |     7 |    20 |    23 |     4 ||    54
         Punch             |     1 |     3 |    11 |     2 ||    17
         Bite              |       |     2 |     9 |       ||    11
 Invoke: Oozemancy         |       |       |     1 |     1 ||     2
Ability: Breathe Steam     |       |       |    15 |     3 ||    18
    Use: Scroll            |       |       |     9 |       ||     9
   Stab: Sleeping          |     1 |     1 |       |       ||     2
 Armour: Skin              |    29 |    30 |    30 |    14 ||   103
  Dodge: Dodged            |    80 |    75 |   121 |    84 ||   360

Table legend: (Time is in decaauts)
 A = Elapsed time spent in this place.
 B = Non-inter-level travel time spent in this place.
 C = Inter-level travel time spent in this place.
 D = Time resting spent in this place.
 E = Time spent auto-exploring this place.
 F = Levels seen in this place.
 G = Mean time per level.
                   A        B        C        D        E       F      G
               +--------+--------+--------+--------+--------+-----+--------+
         Total |   6247 |   5961 |    286 |    396 |   4484 |   9 |  694.1 |
       Dungeon |   6247 |   5961 |    286 |    396 |   4484 |   9 |  694.1 |
               +--------+--------+--------+--------+--------+-----+--------+

Top non-repeatable levels by time:
     D:1: 1011 daAuts
     D:3: 895 daAuts
     D:4: 757 daAuts
     D:8: 754 daAuts
     D:5: 752 daAuts
     D:6: 728 daAuts
     D:2: 639 daAuts
     D:7: 572 daAuts
     D:9: 136 daAuts
